 Dungeon Crawl Stone Soup version 0.22.1-2-g9c5b331383 (webtiles) character file.

58 LLavrengius the Grave Robber (level 3, -13/25 HPs)
             Began as a Mummy Necromancer on Nov 12, 2018.
             Mangled by an ogre
             ... wielding a +0 giant club
              (23 damage)
             ... on level 2 of the Dungeon.
             The game lasted 00:06:10 (1728 turns).

LLavrengius the Grave Robber (Mummy Necromancer)    Turns: 1728, Time: 00:06:10

Health: -13/25     AC: 10    Str: 11    XL:     3   Next: 76%
Magic:  7/7        EV:  8    Int: 15    God:
Gold:   56         SH:  0    Dex: 12    Spells: 3/8 levels left

rFire    x . .     SeeInvis .   k - +0 whip (venom)
rCold    + . .     Gourm    .   (no shield)
rNeg     + + +     Faith    .   h - +0 pearl dragon scales
rPois    ∞         Spirit   .   (no helmet)
rElec    .         Reflect  .   (no cloak)
rCorr    .         Harm     .   (no gloves)
MR       .....                  (no boots)
Stlth    ..........             (no amulet)
HPRegen  0.08/turn              (no ring)
MPRegen  0.10/turn              (no ring)

@: no status effects
A: no food or potions, fire vulnerability, cold resistance 1, negative energy
resistance 3, torment resistance, unbreathing
a: no special abilities


You were on level 2 of the Dungeon.
You were not hungry.

You visited 1 branch of the dungeon, and saw 2 of its levels.

You collected 56 gold pieces.

Inventory:

Hand Weapons
 k - a +0 whip of venom (weapon)
 m - a +0 hunting sling
Missiles
 d - 125 stones (quivered)
 i - 16 sling bullets
Armour
 h - +0 pearl dragon scales (worn)
Scrolls
 a - a scroll of magic mapping {unknown}
 b - 2 scrolls of fear {unknown}
 e - 2 scrolls of remove curse {unknown}
 g - a scroll of fog {unknown}
 j - a scroll of random uselessness {unknown}
 l - a scroll of identify {unknown}


   Skills:
 * Level 0.9 Fighting
 - Level 1.5 Dodging
 - Level 1.5 Stealth
 + Level 3.3 Spellcasting
 * Level 5.0 Necromancy


You had 3 spell levels left.
You knew the following spells:

 Your Spells              Type           Power        Failure   Level  Hunger
a - Pain                  Necr           ###.         22%         1    N/A
b - Animate Skeleton      Necr           N/A          22%         1    N/A
c - Vampiric Draining     Necr           ###.......   54%         3    N/A

Your spell library contained the following spells:

 Spells                   Type           Power        Failure   Level  Hunger
 Animate Dead             Necr           N/A          91%         4    N/A
 Regeneration             Chrm/Necr      Unusable     N/A         3    N/A

Dungeon Overview and Level Annotations

Branches:
Dungeon (2/15)

Altars:


Innate Abilities, Weirdness & Mutations

You do not eat or drink.
Your flesh is vulnerable to fire.
You are immune to poison.
Your flesh is cold resistant. (rC+)
You are immune to negative energy. (rN+++)
You are immune to unholy pain and torment.
You can survive without breathing.


Message History

Your goblin skeleton is destroyed!
You hit the ogre.
The ogre is poisoned.
The ogre is lightly wounded.
The ogre hits you with a giant club!
Ouch! That really hurt!
You are too injured to fight recklessly!
Unknown command.
A jackal comes into view.
The jackal barks!
You hear a bark!
The jackal moves out of view.
Found 24 stones. 2 jackals come into view.
The jackal barks!
Found a scroll labeled RUUGUJ EDWUPLAA.
Found a ration.
A quokka comes into view.
You see here 24 stones.
You closely miss the quokka. The ogre hits you with a giant club!!
Ouch! That really hurt!
You die...

....# #....#
#....# #....#
##....###
'...%'..
###########h...#
....?.r@Ohh.##
###########..#
##.# ## #.# .#
#.## .# #..# .#
##.## .# #%.# .#
##)##


You could see an ogre, a quokka and 3 jackals.

Vanquished Creatures
  An adder (D:2)
  An ooze (D:1)
  A dart slug (D:1)
  2 leopard geckos (D:1)
  2 ball pythons
  2 bats (D:1)
  3 giant cockroaches
  4 hobgoblins
  6 jackals
  A quokka (D:2)
  4 frilled lizards (D:1)
  A goblin (D:2)
  5 kobolds (D:1)
  6 rats (D:1)
39 creatures vanquished.

Vanquished Creatures (collateral kills)
  A frilled lizard (D:1)
1 creature vanquished.

Grand Total: 40 creatures vanquished

Notes
Turn   | Place    | Note
-------+----------+-------------------------------------------
     0 | D:1      | LLavrengius the Mummy Necromancer began the quest for the
                  | Orb.
     0 | D:1      | Reached XP level 1. HP: 13/13 MP: 4/4
    18 | D:1      | Learned a level 1 spell: Animate Skeleton
   427 | D:1      | Reached XP level 2. HP: 13/19 MP: 0/5
  1030 | D:1      | Reached XP level 3. HP: 25/25 MP: 7/7
  1438 | D:2      | Learned a level 3 spell: Vampiric Draining
  1466 | D:2      | Reached skill level 5 in Necromancy
  1696 | D:2      | Noticed an ogre
  1728 | D:2      | Mangled by an ogre

Skill      XL: |  1  2  3 |
---------------+----------+-----
Spellcasting   | 3 |  3.3
Necromancy     | 5 |  5.0
Fighting       | |  0.9
Dodging        | |  1.5
Stealth        | |  1.5

Action                   || total
-------------------------++-------
Melee: Unarmed           ||     1
       Club              ||    44
       Whip              ||    54
 Cast: Pain              ||    22
       Animate Skeleton  ||     7
 Stab: Sleeping          ||     2
Armor: Robe              ||     5
       Pearl dragon scal ||    49
Dodge: Dodged            ||    58
